 Dungeon Crawl Stone Soup version 0.31-b1-20-g67cafac56d (webtiles) character file.

Game seed: 16565246223681085222

30 Sobieck the Sneak (level 3, 0/21 HPs)
             Began as a Kobold Brigand on Jan 17, 2024.
             Slain by an adder (2 damage)
             ... on level 2 of the Dungeon.
             The game lasted 00:01:11 (1069 turns).

Sobieck the Sneak (Kobold Brigand)                  Turns: 1069, Time: 00:01:11

Health: 0/21       AC:  4    Str:  8    XL:     3   Next: 35%
Magic:  3/3        EV: 14    Int: 12    God:
Gold:   102        SH:  0    Dex: 18    Spells: 2/2 levels left

rFire   . . .        a - +2 dagger
rCold   . . .        (no shield)
rNeg    . . .        b - +0 robe
rPois   .            (no helmet)
rElec   .            c - +0 cloak
rCorr   .            f - +0 pair of gloves
SInv    .            (no boots)
Will    .....        (no amulet)
Stlth   ++++         (no ring)
HPRegen 0.23/turn    (no ring)
MPRegen 0.08/turn

%: no passive effects
@: hasted, very quick
A: small, no large weapons, nightstalker 3
a: no special abilities


You were on level 2 of the Dungeon.
You visited 1 branch of the dungeon, and saw 2 of its levels.

You collected 102 gold pieces.

Inventory:

Hand Weapons
 a - a +2 dagger (weapon)
Missiles
 k - 9 poisoned darts
 F - 3 curare-tipped darts
Armour
 b - a +0 robe (worn)
 c - a +0 cloak (worn)
 f - a +0 pair of gloves (worn)
Scrolls
 d - a scroll of identify {unknown}
 g - a scroll of fear {unknown}
 h - a scroll of vulnerability {unknown}
 j - a scroll of enchant weapon {unknown}
Potions
 H - a potion of haste


   Skills:
 - Level 2.1 Fighting
 + Level 3.8 Short Blades
 - Level 2.1 Throwing
 - Level 1.2 Dodging
 + Level 6.1 Stealth


You had 2 spell levels left.
You didn't know any spells.
Your spell library contained the following spells:

 Spells                   Type           Power      Damage    Failure   Level
 Mercury Vapours          Alch/Air       0%         N/A       45%         2
 Mephitic Cloud           Conj/Alch/Air  0%         N/A       69%         3
 Freezing Cloud           Conj/Ice/Air   0%         6-21      100%        5


Dungeon Overview and Level Annotations

Branches:
Dungeon (2/15)

Altars:


Innate Abilities, Weirdness & Mutations

You are small and have problems with some larger weapons.
You are completely attuned to the shadows.


Message History

The ribbon worm expels a string of sticky webbing.
The stream of webbing hits you but does no damage.
You are caught in a web!
The web tears apart.
You hit the ribbon worm.
The ribbon worm is severely wounded.
The ribbon worm closely misses you. The adder barely misses you.
Unknown command.
You hit the ribbon worm.
The ribbon worm is severely wounded.
The adder completely misses you. The ribbon worm closely misses you.
You barely miss the ribbon worm.
The ribbon worm is heavily wounded.
The adder closely misses you.
Unknown command.
You hit the ribbon worm but do no damage.
The ribbon worm is heavily wounded.
The adder bites you but does no damage. The ribbon worm misses you.
You barely miss the ribbon worm.
The ribbon worm is heavily wounded.
The adder closely misses you. The ribbon worm closely misses you.
You barely miss the ribbon worm.
The ribbon worm is heavily wounded.
The adder bites you.
You are poisoned.
The adder poisons you!
You feel sick. The adder barely misses you.
You feel sick. The adder attacks as it pursues you!
The adder bites you but does no damage. The adder closely misses you.
It was a potion of haste.
You feel yourself speed up.
H - a potion of haste You feel sick.
The adder bites you.
* * * LOW HITPOINT WARNING * * *
It was a potion of magic.
Magic courses through your body. The adder closely misses you.
You feel sick.
You feel sick.
You are no longer poisoned.
You closely miss the adder. You closely miss the adder.
The adder bites you but does no damage.
You hit the adder.
The adder is moderately wounded.
The adder bites you.
* * * LOW HITPOINT WARNING * * *
You hit the adder.
The adder is heavily wounded.
You closely miss the adder.
The adder is heavily wounded.
The adder bites you.
You die...

#.......# #.#####.#
#####.# #.#
..^...#####.#
##########.......#
#.......##.#######
#.#####.##.#....# #.#
#.##....).# #
#@#####.####.####
#.#####S#.......##.#
#....##w#.###.#.##.#..
#.##.# #...#.##.#.#
#....# #.###.##.#.#
#.####.#.....##.#.###
.... ...#........#.##.
....[
.............†.#. ....
.................


You could see a ribbon worm and an adder.

Vanquished Creatures
  A dart slug (D:1)
  A ribbon worm (D:2)
  6 ball pythons
  2 bats (D:1)
  2 endoplasms (D:2)
  A giant cockroach (D:2)
  4 hobgoblins
  A quokka (D:2)
  A goblin (D:1)
  4 rats (D:1)
23 creatures vanquished.

Notes
Turn   | Place    | Note
-------+----------+-------------------------------------------
     0 | D:1      | Sobieck the Kobold Brigand began the quest for the Orb.
     0 | D:1      | Reached XP level 1. HP: 12/12 MP: 1/1
   170 | D:1      | Reached skill level 3 in Short Blades
   178 | D:1      | Reached XP level 2. HP: 17/17 MP: 2/2
   842 | D:2      | Reached XP level 3. HP: 21/21 MP: 3/3
   847 | D:2      | Reached skill level 6 in Stealth
  1069 | D:2      | Slain by an adder

Illustrated notes

Levels and vault maps discovered:
D:1:      grunt_arrival_crossed_arrows, layout_loops_cross
D:2:      layout_basic

Skill      XL: |  1  2  3 |
---------------+----------+-----
Short Blades   | 3 |  3.8
Stealth        | 6 |  6.1
Fighting       | |  2.1
Throwing       | |  2.1
Dodging        | |  1.2

Action                     || total
---------------------------++-------
  Melee: Dagger            ||    67
         Punch             ||     1
    Use: Potion            ||     2
   Stab: Sleeping          ||    12
         Distracted        ||     1
 Armour: Robe              ||    19
  Dodge: Dodged            ||    36
